 Dungeon Sprint DCSS version 0.30-a0-691-g754fce4c43 (webtiles) character file.

Game seed: 2645783726757801221

1730 BigDaddyOpFi the Fighter (level 8, -6/72 HPs)
             Began as a Demonspawn Fighter on Jan 19, 2023.
             Was a High Priest of Qazlal.
             Mangled by a rust devil (10 damage)
             ... in the Dungeon (Sprint VII: "The Pits").
             The game lasted 00:03:06 (1758 turns).

BigDaddyOpFi the Fighter (Demonspawn Fighter)       Turns: 1758, Time: 00:03:07

Health: -6/72      AC: -6    Str: 18    XL:     8   Next: 76%
Magic:  5/12       EV: 11    Int: 16    God:    Qazlal [*****.]
Gold:   0          SH: 13    Dex: 13    Spells: 7/7 levels left

rFire   + . .      SeeInvis .    q - +1 broad axe (heavy)
rCold   . . .      Faith    .    c - +0 buckler
rNeg    . . .      Spirit   .    e - +2 plate armour
rPois   .          Reflect  .    (no helmet)
rElec   .          Harm     .    (no cloak)
rCorr   .          Rampage  .    p - +0 pair of gloves
Will    .....      NoTele   +    (no boots) Stlth
                                 (no amulet)
HPRegen 0.32/turn                b - +3 ring of intelligence
MPRegen 0.13/turn                m - +3 ring of intelligence

@: mighty, agile, protected from fire, corroded, repel missiles
A: ignite blood 1, powered by pain 2
a: Renounce Religion, Upheaval, Elemental Force, Disaster Area


You were in the Dungeon.
You worshipped Qazlal.
Qazlal was extremely pleased with you.
You visited 1 branch

Inventory:

Hand Weapons
 q - a +1 heavy broad axe (weapon)
Armour
 c - a +0 buckler (worn)
 e - a +2 plate armour (worn)
 p - a +0 pair of gloves (worn)
Jewellery
 b - a +3 ring of intelligence (left hand)
 m - a +3 ring of intelligence (right hand)
Scrolls
 j - a scroll of blinking
Potions
 d - a potion of might
 f - 9 potions of curing
 g - a potion of haste
 h - 4 potions of magic
 i - a potion of berserk rage
 k - 2 potions of invisibility
 l - 5 potions of heal wounds
 n - a potion of resistance


   Skills:
 + Level 10.1 Fighting
 + Level 9.0 Axes
 + Level 9.3 Armour
 + Level 9.2 Shields
 * Level 6.6 Invocations


You had 7 spell levels left.
You didn't know any spells.
Your spell library was empty.

Dungeon Overview and Level Annotations

Branches:
Dungeon (1/1)

Altars:
Ashenzari
Cheibriados
Dithmenos
Fedhas
Gozag
Hepliaklqana
Kikubaaqudgha
Makhleb
Nemelex Xobeh
Okawaru
Qazlal
Ru
Sif Muna
Trog
Uskayaw
Vehumet
Wu Jian
Xom
Yredelemnul
Jiyva
Lugonu


Innate Abilities, Weirdness & Mutations

Your demonic aura sometimes causes spilled blood to erupt in flames.
You sometimes gain power by taking damage.


Message History

Qazlal accepts your kill.
You hit the rust devil but do no damage.
The rust devil hits you. The rust devil corrodes you!
The adder zombie is struck by lightning.
The flying skull is struck by lightning.
The flying skull hits you! The rust devil hits you.
The rust devil corrodes you!
Your Fighting skill increases to level 10!
Your Axes skill increases to level 9!
Your Invocations skill increases to level 6!
You slice the flying skull!!
You destroy the flying skull!
The flying skull disappears in a puff of smoke!
You hit the rust devil. The rust devil hits you! The rust devil corrodes you!
You block the adder zombie's attack.
Unknown command.
You slash the rust devil!
The rust devil is moderately wounded.
You hit the adder zombie.
You destroy the adder zombie!
The adder zombie disappears in a puff of smoke!
The flying skull hits you!
* * * LOW HITPOINT WARNING * * *
You focus on the pain.
You feel agile all of a sudden. The rust devil hits you.
* * * LOW HITPOINT WARNING * * *
The rust devil corrodes you!
Lightning from the thunderstorm strikes something you cannot see.
The flying skull hits you.
* * * LOW HITPOINT WARNING * * *
The rust devil hits you.
* * * LOW HITPOINT WARNING * * *
The rust devil corrodes you!
You hit the rust devil.
The rust devil is moderately wounded.
You barely miss the flying skull. The flying skull hits you.
* * * LOW HITPOINT WARNING * * *
You block the flying skull's attack. The rust devil hits you!
You die...

...##.......##......#
)####.......##......#
...##...<...###....##
...##.......# ##)'##
...##.......###.†..##
#####.......##......#
#).###########○.....+
#)############.°°...#
#)#....#..[.###§@.○##
#'#....#!.[.# ##z4##
#.'....'..))# ☼.§☼#
#'#....#..))# ......#
).#....#..)[##......#
#####################


You could see a rust devil and a flying skull (summoned).

Vanquished Creatures
  A lindwurm (D)
  An efreet (D)
  A merfolk (D)
  A chaos spawn (D)
  A redback (D)
  2 wargs (D)
  A wolf (D)
  A centaur (D)
  A gnoll sergeant (D)
  A quasit (D)
  A hound (D)
  An iguana (D)
  3 gnolls (D)
  An orc (D)
  2 endoplasms (D)
  A giant cockroach (D)
  A quokka (D)
  2 ball pythons (D)
  A bat (D)
  3 frilled lizards (D)
  A rat (D)
28 creatures vanquished.

Notes
Turn   | Place    | Note
-------+----------+-------------------------------------------
     0 | D        | BigDaddyOpFi the Demonspawn Fighter began the quest for the
                  | Orb.
     0 | D        | Reached XP level 1. HP: 18/18 MP: 1/1
    22 | D        | Found a bloodstained altar of Trog.
    22 | D        | Found a shimmering blue altar of Sif Muna.
    22 | D        | Found a viscous altar of Jiyva.
    22 | D        | Found a hazy altar of Hepliaklqana.
    22 | D        | Found an opulent altar of Gozag.
    23 | D        | Found a basalt altar of Yredelemnul.
    23 | D        | Found a shimmering altar of Xom.
    23 | D        | Found an ornate altar of the Wu Jian Council.
    23 | D        | Found a sacrificial altar of Ru.
    23 | D        | Found a stormy altar of Qazlal.
    23 | D        | Found an iron altar of Okawaru.
    23 | D        | Found a sparkling altar of Nemelex Xobeh.
    23 | D        | Found a burning altar of Makhleb.
    23 | D        | Found a blossoming altar of Fedhas.
    23 | D        | Found a shadowy altar of Dithmenos.
    23 | D        | Found a snail-covered altar of Cheibriados.
    24 | D        | Found a radiant altar of Vehumet.
    24 | D        | Found a corrupted altar of Lugonu.
    25 | D        | Found a hide-covered altar of Uskayaw.
    25 | D        | Found an ancient bone altar of Kikubaaqudgha.
    25 | D        | Found a broken altar of Ashenzari.
    28 | D        | Became a worshipper of Qazlal Stormbringer
   158 | D        | Reached * piety under Qazlal
   268 | D        | Noticed a warg
   292 | D        | Killed a warg
   292 | D        | Reached ** piety under Qazlal
   293 | D        | Reached skill level 5 in Fighting
   293 | D        | Reached skill level 5 in Armour
   293 | D        | Reached skill level 5 in Shields
   293 | D        | Gained mutation: Your demonic aura sometimes causes spilled
                  | blood to erupt in flames. [demonic ancestry]
   293 | D        | Reached XP level 2. HP: 9/27 MP: 2/2
   293 | D        | Reached XP level 3. HP: 11/33 MP: 3/3
   293 | D        | Gained mutation: You sometimes gain a little power by
                  | taking damage. [demonic ancestry]
   293 | D        | Reached XP level 4. HP: 14/39 MP: 4/4
   661 | D        | Noticed a centaur
   661 | D        | Noticed a wolf
   680 | D        | Killed a wolf
   680 | D        | Reached *** piety under Qazlal
   681 | D        | Reached skill level 6 in Fighting
   681 | D        | Reached skill level 5 in Axes
   681 | D        | Reached XP level 5. HP: 47/47 MP: 5/5
   683 | D        | Killed a centaur
   684 | D        | Reached skill level 7 in Fighting
   684 | D        | Gained mutation: You sometimes gain power by taking damage.
                  | [demonic ancestry]
   684 | D        | Reached XP level 6. HP: 55/55 MP: 6/6
   711 | D        | Reached **** piety under Qazlal
   880 | D        | Noticed a redback
   886 | D        | Killed a redback
   887 | D        | Reached skill level 8 in Fighting
  1043 | D        | Noticed a warg
  1060 | D        | Reached XP level 7. HP: 28/62 MP: 7/7
  1064 | D        | Reached ***** piety under Qazlal
  1190 | D        | Noticed a chaos spawn
  1190 | D        | Noticed a merfolk
  1205 | D        | Killed a merfolk
  1206 | D        | Reached skill level 9 in Fighting
  1206 | D        | Paralysed by a chaos spawn for 5 turns
  1226 | D        | Killed a chaos spawn
  1227 | D        | Reached XP level 8. HP: 26/71 MP: 8/8
  1694 | D        | Noticed a lindwurm
  1697 | D        | Killed a lindwurm
  1698 | D        | Reached skill level 5 in Invocations
  1750 | D        | Noticed an efreet
  1750 | D        | Noticed a vampire mage
  1750 | D        | Noticed a rust devil
  1752 | D        | Noticed a flying skull
  1752 | D        | Noticed a flying skull
  1755 | D        | Killed an efreet
  1756 | D        | Reached skill level 10 in Fighting
  1758 | D        | Mangled by a rust devil

Illustrated notes

Levels and vault maps discovered:
D:        pitsprint [storerooms_1, entrance_room_1, metal_vault_2, armoury_1,
          mini_pit_1, grid_room_1, main_hall_1, silver_pit, the_coven_3,
          the_vestibule_1, steel_vault_5, golden_pit, hallway_of_sentries,
          crystal_vault_2, iron_vault_2, final_vault]

Skill      XL: |  1  2  3  4  5  6  7  8 |
---------------+-------------------------+-----
Axes           | 4 5 6 7 8 9 |  9.0
Armour         | 5 6 7 8 9 |  9.3
Shields        | 5 6 7 8 9 |  9.2
Fighting       | 5 6 7 8 9 10 | 10.1
Invocations    | 6 |  6.6

Action                   |  1- 3 |  4- 6 |  7- 9 || total
-------------------------+-------+-------+-------++-------
Melee: War axe           |    36 |    66 |    21 ||   123
       Broad axe         |       |       |     9 ||     9
Invok: Disaster Area     |       |       |     1 ||     1
  Use: Potion            |     3 |     2 |     3 ||     8
Armor: Scale mail        |    15 |     4 |       ||    19
       Plate armour      |       |    74 |    11 ||    85
Dodge: Dodged            |    10 |    19 |     2 ||    31
Block: Buckler           |    19 |    60 |    17 ||    96

Table legend: (Time is in decaauts)
 A = Elapsed time spent in this place.
 B = Non-inter-level travel time spent in this place.
 C = Inter-level travel time spent in this place.
 D = Time resting spent in this place.
 E = Time spent auto-exploring this place.
 F = Levels seen in this place.
 G = Mean time per level.
                   A        B        C        D        E       F      G
               +--------+--------+--------+--------+--------+-----+--------+
         Total |   1787 |   1725 |     62 |   1310 |      0 |   1 | 1787.0 |
       Dungeon |   1787 |   1725 |     62 |   1310 |      0 |   1 | 1787.0 |
               +--------+--------+--------+--------+--------+-----+--------+

Top non-repeatable levels by time:
       D: 1787 daAuts
